 Dungeon Crawl Stone Soup version 0.29.1-13-g9f3cf754e1 (webtiles) character file.

Game seed: 15132886971455922202

98 H0rd4k the Charlatan (level 4, 0/30 HPs)
             Began as an Octopode Artificer on Feb 2, 2023.
             Constricted to death by a ball python (1 damage)
             ... on level 3 of the Dungeon.
             The game lasted 00:01:11 (2570 turns).

H0rd4k the Charlatan (Octopode Artificer)           Turns: 2570, Time: 00:01:12

Health: 0/30       AC:  1    Str: 11    XL:     4   Next: 71%
Magic:  7/7        EV: 10    Int: 15    God:
Gold:   196        SH:  0    Dex: 12    Spells: 7/7 levels left

rFire   . . .      SeeInvis .     - Unarmed
rCold   . . .      Faith    .   (no shield)
rNeg    . . .      Spirit   .   (helmet restricted)
rPois   .          Reflect  .   (no amulet)
rElec   .          Harm     .   (no ring)
rCorr   .          Rampage  .   (no ring)
Will    .....                   (no ring)
Stlth   +++.......              (no ring)
HPRegen 0.10/turn               (no ring)
MPRegen 0.10/turn               (no ring)
                                (no ring)
                                (no ring)

@: lethally poisoned (0 -> -5), constricted
A: almost no armour, amphibious, 8 rings, camouflage 1, gelatinous body 1,
(nimble swimmer 1), tentacles
a: no special abilities


You were on level 3 of the Dungeon.
You visited 1 branch of the dungeon, and saw 3 of its levels.

You collected 196 gold pieces.

Inventory:

Wands
 b - a wand of flame (15) (quivered)
 c - a wand of charming (13)
 d - a wand of iceblast (5)
 p - a wand of mindburst (18)
Scrolls
 f - 2 scrolls of immolation {unknown}
 h - a scroll of summoning {unknown}
 i - a scroll of noise {unknown}
 j - a scroll of enchant armour {unknown}
 k - 2 scrolls of identify {unknown}
 l - a scroll of teleportation {unknown}
 m - a scroll of brand weapon {unknown}
 n - a scroll of fear {unknown}
Potions
 a - a potion of curing {unknown}
 e - a potion of heal wounds {unknown}
 g - a potion of haste {unknown}
 o - a potion of degeneration {unknown}


   Skills:
 * Level 2.6 Fighting
 - Level 2.3 Dodging
 - Level 1.3 Stealth
 + Level 2.1 Unarmed Combat
 * Level 2.0 Spellcasting
 - Level 3.2 Evocations


You had 7 spell levels left.
You didn't know any spells.
Your spell library contained the following spells:

 Spells                   Type           Power      Damage    Failure   Level
 Sting                    Tmut/Pois      4%         1d3       22%         1
 Poisonous Vapours        Pois/Air       2%         N/A       32%         2
 Fulminant Prism          Conj/Hex       0%         3d6       91%         4
 Iskenderun's Mystic Bla  Conj/Tloc      1%         2d3       91%         4
 Olgreb's Toxic Radiance  Pois           1%         N/A       91%         4
 Lee's Rapid Deconstruct  Erth           0%         3d5*      99%         5


Dungeon Overview and Level Annotations

Branches:
Dungeon (3/15)

Altars:
Uskayaw

Annotations:
D:2 Natasha


Innate Abilities, Weirdness & Mutations

You cannot wear most types of armour.
You are amphibious.
You can wear up to eight rings at the same time.
Your skin changes colour to match your surroundings (Stealth+).
Your rubbery body absorbs attacks. (AC +1, EV +1)
((You are camouflaged when in or above water. (Stealth+)))
You have tentacles for arms and can constrict up to eight enemies at once.


Message History

The jackal is severely wounded.
You constrict the jackal, but do no damage.
The adder bites you.
The jackal bites you but does no damage.
The adder barely misses you. The jackal bites you.
You tentacle-slap the jackal but do no damage.
The jackal is severely wounded.
You constrict the jackal.
You kill the jackal!
The adder closely misses you.
You tentacle-slap the adder. Your grab misses the adder.
The adder is lightly wounded.
The ball python bites you. The ball python grabs you.
The ball python constricts you. The adder bites you.
You are poisoned.
The adder poisons you!
You barely miss the ball python. Your grab misses the ball python.
Your squeeze misses the ball python.
You feel sick. The ball python barely misses you.
The ball python constricts you. The adder bites you.
The ball python bites you but does no damage.
The ball python constricts you. The adder bites you.
* * * LOW HITPOINT WARNING * * *
You closely miss the adder. Your grab misses the adder.
The adder is lightly wounded.
You feel sick. The adder bites you.
* * * LOW HITPOINT WARNING * * *
You are lethally poisoned!
The adder poisons you! The ball python barely misses you.
The ball python constricts you.
* * * LOW HITPOINT WARNING * * *
Aiming: Charm
Press: ? - help, Shift-Dir - straight line, f - adder
Aim: an adder (lightly wounded, chance to affect: 66%)
The adder is charmed.
* * * LOW HITPOINT WARNING * * *
You feel sick.
The ball python bites you but does no damage.
The ball python constricts you.
You die...

#.####.......# #.
#. #.####.## #.
#. #.####.# #. #
##. #...##.# #.
#.##..####.#.##.#
#.
#........#...##.#
#.
#..8.⌠.8.##..##.#
#.
#........##..##.#
##
#..⌠._@S††......#
#......S.##..####
#..8.⌠.8.##..#
#........##..#
#....##.......
#.### #.###..##
#. ... #.!# # ...
..#


You could see a ball python and a friendly adder (charmed).

Vanquished Creatures
  5 adders
  A dart slug (D:2)
  3 bats
  3 endoplasms
  4 giant cockroaches
  6 goblins
  2 hobgoblins
  4 jackals (D:3)
  4 ball pythons
  3 frilled lizards
  2 kobolds
  2 rats (D:2)
39 creatures vanquished.

Vanquished Creatures (collateral kills)
  An adder (D:2)
  A ball python (D:2)
2 creatures vanquished.

Grand Total: 41 creatures vanquished

Notes
Turn   | Place    | Note
-------+----------+-------------------------------------------
     0 | D:1      | H0rd4k the Octopode Artificer began the quest for the Orb.
     0 | D:1      | Reached XP level 1. HP: 13/13 MP: 1/1
   393 | D:1      | Reached XP level 2. HP: 18/18 MP: 2/2
  1070 | D:1      | Reached skill level 1 in Spellcasting
  1331 | D:2      | Reached skill level 1 in Unarmed Combat
  1331 | D:2      | Reached XP level 3. HP: 22/24 MP: 4/4
  1408 | D:2      | Found a hide-covered altar of Uskayaw.
  1711 | D:2      | Noticed Natasha
  1729 | D:2      | Reached XP level 4. HP: 28/30 MP: 6/6
  2547 | D:3      | Found a faded altar of an unknown god.
  2570 | D:3      | HP: 1/30 [poisoned by an adder]
  2570 | D:3      | Constricted to death by a ball python

Illustrated notes

Levels and vault maps discovered:
D:1:      dpeg_arrival_tiny_a, layout_loops_corners
D:2:      layout_basic, basic_altar, minmay_unequal, uniq_natasha
D:3:      layout_loops_ring, serial_shops, nicolae_shop_window_shopping,
          nicolae_shop_advertising_works [nicolae_subvault_shop_adworks],
          shop_fountains, nicolae_square_shop,
          hellmonk_ecumenical_altar_dog_temple

Skill      XL: |  1  2  3  4 |
---------------+-------------+-----
Spellcasting   | 1 2 |  2.0
Fighting       | 2 |  2.6
Unarmed Combat | 1 2 |  2.1
Dodging        | |  2.3
Stealth        | |  1.3
Evocations     | |  3.2

Action                   |  1- 3 |  4- 6 || total
-------------------------+-------+-------++-------
Melee: Unarmed           |    55 |    52 ||   107
       Constrict         |    18 |    12 ||    30
       Tentacles         |    14 |     8 ||    22
       Punch             |       |     1 ||     1
Evoke: Wand              |     1 |     1 ||     2
 Stab: Sleeping          |     2 |     5 ||     7
Armor: Skin              |     7 |     6 ||    13
Dodge: Dodged            |    36 |    40 ||    76
